 Dungeon Crawl Stone Soup version 0.29.1-12-g30fa7ad0bf (webtiles) character file.

Game seed: 9634681202413372997

126 hawla the Firebug (level 5, 0/38 HPs)
             Began as a Meteoran Fire Elementalist on Jan 13, 2023.
             Succumbed to a gnoll's poison
             ... on level 4 of the Dungeon.
             The game lasted 00:05:00 (520 turns).

hawla the Firebug (Meteoran Fire Elementalist)       Turns: 520, Time: 00:05:01

Health: 0/38       AC:  2    Str:  9    XL:     5   Next: 58%
Magic:  2/11       EV: 12    Int: 19    God:
Gold:   18         SH:  0    Dex: 14    Spells: 3/10 levels left

rFire   . . .      SeeInvis .   (no weapon)
rCold   . . .      Faith    .   (no shield)
rNeg    . . .      Spirit   .   a - +0 robe
rPois   .          Reflect  .   (no helmet)
rElec   .          Harm     .   (no cloak)
rCorr   .          Rampage  .   (no gloves)
Will    .....                   (no boots)
Stlth   +.........              (no amulet)
HPRegen 0.12/turn               (no ring)
MPRegen 0.12/turn               (no ring)

@: lethally poisoned (0 -> -18), glowing
A: sense surroundings 1, otherworldly, glowing, explore regen
a: no special abilities


You were on level 4 of the Dungeon.
You visited 1 branch of the dungeon, and saw 4 of its levels.

You collected 18 gold pieces.

Inventory:

Armour
 a - a +0 robe (worn)
Jewellery
 e - a ring of protection from fire
Scrolls
 f - a scroll of fog


   Skills:
 - Level 2.6 Dodging
 - Level 1.4 Stealth
 - Level 3.3 Spellcasting
 + Level 4.4 Conjurations
 - Level 4.5 Fire Magic


You had 3 spell levels left.
You knew the following spells:

 Your Spells              Type           Power      Damage    Failure   Level
a - Foxfire               Conj/Fire      80%        2x1d8     2%          1
b - Scorch                Fire           40%        2d7       3%          2
c - Flame Wave            Conj/Fire      20%        2d7       22%         4

Your spell library contained the following spells:

 Spells                   Type           Power      Damage    Failure   Level
 Conjure Flame            Conj/Fire      20%        6-21      7%          3
 Inner Flame              Hex/Fire       11%        N/A       17%         3


Dungeon Overview and Level Annotations

Branches:
Dungeon (4/15) Zot: 1880   Temple (0/1) D:4

Altars:
Gozag
Ru
Wu Jian

Shops:
D:2 *

Annotations:
D:4 Sigmund


Innate Abilities, Weirdness & Mutations

You passively map a small area around you.
You are easily found by Zot.
You glow in the dark.
You regain HP and MP as you explore.


Message History

You are poisoned.
Your Conjurations skill increases to level 4!
You feel sick.
Casting: Scorch (safe; 3% risk of failure)
Confirm with . or Enter, or press ? or * to list all spells.
The spell is extremely dangerous to miscast (26% risk of failure)!
Continue anyway?
Casting: Flame Wave (extremely dangerous; 26% risk of failure)
Press: ? - help, Dir - look around, f - activate A wave of flame ripples out! (Press . to intensify the flame waves.)
You feel sick.
The gnoll hits you from afar with a +1 spear of venom.
You are more poisoned.
A wave of flame ripples out!
The flame wave engulfs the gnoll.
The gnoll is heavily wounded.
You feel very sick.
A nearby plant withers and dies.
The gnoll hits you from afar with a +1 spear of venom.
You are lethally poisoned!
A wave of flame ripples out!
The flame wave engulfs the gnoll!
You kill the gnoll!
The flame wave engulfs the gnoll.
The gnoll is heavily wounded.
The flame wave engulfs the gnoll!
You kill the gnoll!
You finish channelling waves of flame.
* * * LOW HITPOINT WARNING * * *
You feel very sick.
You hear a shout! x2
An endoplasm comes into view.
Unknown command.
You aren't carrying any potions.
Casting: Flame Wave (quite dangerous; 22% risk of failure)
Confirm with . or Enter, or press ? or * to list all spells.
You don't have enough magic to cast this spell.
* * * LOW HITPOINT WARNING * * *
You feel very sick. The gnoll barely misses you.
The gnoll attacks as you move away! The gnoll misses you.
You die...

#... * * ..... ,>
, , ..... #.. , ,
* ..JP.) #.# , ,
.....)# #.# , ,
......)###># , ,
#.gg.#.# * ,
#.##.#.# *, , *
.. #@#.# * * *
,##. ,#...# * , *
#...#..#### ,# ,,
,,
##........###.#**
* #.#
#.#.#.##...#.#
#.##
#...#.####...#
#..#
##..#.###...## ,
#..#
#...<....#...# *
#..#
#....####........


You could see a gnoll.

Vanquished Creatures
  An iguana (D:4)
  Terence (D:3)
  Robin (D:4)
  3 gnolls (D:4)
  A dart slug (D:3)
  2 orcs (D:4)
  2 endoplasms (D:2)
  A giant cockroach (D:2)
  8 goblins
  6 hobgoblins
  2 quokkas
  2 frilled lizards (D:1)
30 creatures vanquished.

Vanquished Creatures (others)
  36 foxfires
  10 plants (D:4)
46 creatures vanquished.

Grand Total: 76 creatures vanquished

Notes
Turn   | Place    | Note
-------+----------+-------------------------------------------
     0 | D:1      | hawla the Meteoran Fire Elementalist began the quest for
                  | the Orb.
     0 | D:1      | Reached XP level 1. HP: 14/14 MP: 5/5
    58 | D:2      | Reached XP level 2. HP: 20/20 MP: 1/6
    60 | D:2      | Found Sedach's General Store.
   116 | D:2      | Found an ornate altar of the Wu Jian Council.
   168 | D:2      | Learned a level 2 spell: Scorch
   187 | D:3      | Noticed Terence
   202 | D:3      | Killed Terence
   203 | D:3      | Reached XP level 3. HP: 15/26 MP: 0/8
   327 | D:4      | Found a large runed translucent door.
   327 | D:4      | Found a large runed translucent door.
   350 | D:4      | Found an opulent altar of Gozag.
   355 | D:4      | Reached XP level 4. HP: 33/33 MP: 5/9
   367 | D:4      | Learned a level 4 spell: Flame Wave
   368 | D:4      | Found a sacrificial altar of Ru.
   381 | D:4      | Noticed Robin
   386 | D:4      | Killed Robin
   393 | D:4      | Noticed a kobold brigand
   398 | D:4      | Noticed Sigmund
   479 | D:4      | Reached XP level 5. HP: 14/38 MP: 2/11
   511 | D:4      | Found a staircase to the Ecumenical Temple.
   520 | D:4      | Succumbed to a gnoll's poison

Illustrated notes

Levels and vault maps discovered:
D:1:      lordsloth_arrival_two_stooges, layout_basic
D:2:      layout_basic, basic_altar, serial_aquarium, aquarium_bridge_straight
          [aquarium_subvault_bridge, aquarium_subvault_wall,
          aquarium_subvault_bridge, aquarium_subvault_window],
          aquarium_window_corner, aquarium_window_2, aquarium_window_3,
          aquarium_view_2b, aquarium_view_2a, aquarium_balcony_double_4,
          aquarium_pool_split, serial_shops, nicolae_diamond_shop, shop,
          nicolae_square_shop, shop, shop, guppyfry_early_orc_mine
D:3:      layout_loops_ring, gammafunk_ghost_abyssal_escape,
          shapermc_ecumenical_altar_mp_vishouse,
          hangedman_abyss_or_decor_lesser_grid, uniq_terence
D:4:      layout_rooms, jmf_multi_god_temple2, minmay_temple_entry_overgrown,
          minmay_ruptured, uniq_robin, uniq_sigmund

Skill      XL: |  1  2  3  4  5 |
---------------+----------------+-----
Fire Magic     | 4 |  4.5
Spellcasting   | 3 |  3.3
Conjurations   | 2 3 4 |  4.4
Dodging        | |  2.6
Stealth        | |  1.4

Action                   |  1- 3 |  4- 6 || total
-------------------------+-------+-------++-------
Melee: Unarmed           |     4 |     8 ||    12
 Cast: Foxfire           |    20 |     4 ||    24
       Scorch            |     8 |     8 ||    16
       Flame Wave        |       |     2 ||     2
  Use: Potion            |     1 |     2 ||     3
       Scroll            |     6 |     1 ||     7
Armor: Robe              |       |     2 ||     2
Dodge: Dodged            |     7 |    17 ||    24
